 Dungeon Crawl Stone Soup version 0.30-a0-169-g06f667207d (webtiles) character file.

Game seed: 15156606106200038305

70 qw the Chopper (level 4, -10/28 HPs)
             Began as a Gargoyle Fighter on Sept 30, 2022.
             Killed by divine providence
             ... invoked by an orc priest
              (13 damage)
             ... on level 3 of the Dungeon.
             The game lasted 00:00:51 (2157 turns).

qw the Chopper (Gargoyle Fighter)                   Turns: 2157, Time: 00:00:51

Health: -10/28     AC: 12    Str: 21    XL:     4   Next: 21%
Magic:  4/4        EV:  7    Int:  9    God:
Gold:   95         SH:  4    Dex:  9    Spells: 3/3 levels left

rFire   . . .      SeeInvis .    Y - +0 war axe
rCold   . . .      Faith    .    c - +0 buckler
rNeg    + . .      Spirit   .    o - +0 chain mail
rPois   inf        Reflect  .    (no helmet)
rElec   +          Harm     .    (no cloak)
rCorr   +          Rampage  .    (no gloves)
Will    .....                    (no boots)
Stlth   ..........               (no amulet)
HPRegen 0.09/turn                m - ring of resist corrosion
MPRegen 0.09/turn                (no ring)

@: no status effects
A: sickness immunity, AC +3, negative energy resistance 1, electricity
resistance, torment resistance 1, petrification resistance
a: no special abilities


You were on level 3 of the Dungeon.
You visited 1 branch of the dungeon, and saw 3 of its levels.

You collected 95 gold pieces.


Innate Abilities, Weirdness & Mutations

You are immune to sickness and miasma.
Your stone body is resilient. (AC +3)
You are immune to poison.
You resist negative energy. (rN+)
You are resistant to electric shocks. (rElec)
You are resistant to unholy torment.
You are immune to petrification.


   Skills:
 - Level 3.2 Fighting
 + Level 4.0 Axes
 - Level 3.2 Armour
 - Level 3.2 Shields


You had 3 spell levels left.
You didn't know any spells.
Your spell library was empty.

Inventory:

Hand Weapons
 g - a +0 whip
 Y - a +0 war axe (weapon)
Armour
 c - a +0 buckler (worn)
 o - a +0 chain mail (worn)
Jewellery
 m - a ring of resist corrosion (left hand)
Scrolls
 a - 2 scrolls of enchant armour
Potions
 b - a potion of attraction {unknown}
 d - 2 potions of might
 e - a potion of haste {unknown}
 f - a potion of magic {unknown}
 h - a potion of lignification {unknown}
 i - a potion of mutation {unknown}
 l - a potion of resistance
 p - a potion of cancellation

Dungeon Overview and Level Annotations

Branches:
Dungeon (3/15)

Altars:
Qazlal


Message History

You kill the kobold!
The kobold's corpse dissolves into shadows!
You closely miss the orc. You barely miss something. You closely miss the orc.
You miss the hobgoblin. The orc hits you but does no damage.
Something hits you but does no damage.
The orc priest calls upon Beogh to heal the orc.
The orc is healed somewhat.
The hobgoblin hits you but does no damage.
Something hits you.
You miss the orc.
The orc is lightly wounded.
You barely miss something. You miss the hobgoblin.
You hit the orc but do no damage.
The hobgoblin splashes around in the water.
The orc closely misses you. Something hits you but does no damage.
The orc priest hits you with a +0 whip. The orc hits you with a +0 dagger.
The hobgoblin hits you but does no damage.
You hit the orc.
The orc is heavily wounded.
You hit the orc. You barely miss something. You miss the orc priest.
You slash the hobgoblin!
You kill the hobgoblin!
The hobgoblin's corpse dissolves into shadows!
You hear some strange, mumbled words.
A magic dart appears from out of thin air!
The magic dart hits you. The orc hits you but does no damage.
The orc priest hits you but does no damage.
The orc hits you but does no damage.
You miss the orc.
The orc is heavily wounded.
You hit the orc but do no damage. You miss something.
You hit the orc priest but do no damage.
You feel less confused.
You hear some strange, mumbled words.
A puff of flame appears from out of thin air!
The puff of flame hits you! The orc barely misses you.
The orc hits you but does no damage.
The orc priest invokes the aid of Beogh against you.
Beogh smites you!
You die...

##...#
#..~~........##...##
##.~..~.......##<..# #
##~~~..~..~~...~##.## ###
#~~~..~..~..~..~ #.# #..
#~~...~.}~..~..~ #.# #.#
#~~..~.o~}.~...~ #.# #..
#~~..~.oo..~..~~ #.# ##..
#~...~~@o~..~~~#### #...
##....).{~..~.##. #.#.
#........~~..##.####...
#............#.......#.
...............###%##.#.
##....#............%...#.
#......####......gS#####
..##...# ..######o## .#
... # #..#


You could see an orc priest and 3 orcs.

Vanquished Creatures
  An adder (D:3)
  4 worms
  An orc (D:3)
  2 ball pythons
  4 bats
  3 endoplasms
  4 giant cockroaches
  5 goblins
  3 hobgoblins
  4 jackals (D:2)
  8 kobolds
  2 quokkas (D:1)
  2 rats
43 creatures vanquished.

Notes
Turn   | Place    | Note
-------+----------+-------------------------------------------
     0 | D:1      | qw the Gargoyle Fighter began the quest for the Orb.
     0 | D:1      | Reached XP level 1. HP: 14/14 MP: 1/1
     0 | D:1      | 0 ||| qw: Version: 0.2-a-12-gaebbb33
     0 | D:1      | 0 ||| qw: Game counter: 1392
     0 | D:1      | 0 ||| qw: Always use a shield: true
     0 | D:1      | 0 ||| qw: God list: Okawaru
     0 | D:1      | 0 ||| qw: Allow faded altars: false
     0 | D:1      | 0 ||| qw: Do Orc after D:15 true
     0 | D:1      | 0 ||| qw: Do second Lair branch before Depths: true
     0 | D:1      | 0 ||| qw: Lair rune preference: random
     0 | D:1      | 0 ||| qw: Plans: Normal, Zot:1-4, God:TSO, Crypt, Tomb,
                  | Pan, Slime:5, Hells, Abyss, Orb
     0 | D:1      | 0 ||| PLANNING D:1-11
    31 | D:1      | 31 ||| Stepping ~*~*~tactically~*~*~ (stealth).
    32 | D:1      | 32 ||| Stepping ~*~*~tactically~*~*~ (stealth).
    35 | D:1      | Reached skill level 2 in Axes
    57 | D:1      | 57 ||| DROPPING +0 club.
    78 | D:1      | 78 ||| Stepping ~*~*~tactically~*~*~ (stealth).
    86 | D:1      | 86 ||| Stepping ~*~*~tactically~*~*~ (stealth).
    89 | D:1      | Reached XP level 2. HP: 10/19 MP: 2/2
   332 | D:1      | 332 ||| Stepping ~*~*~tactically~*~*~ (stealth).
   609 | D:1      | Reached skill level 3 in Axes
   680 | D:1      | Reached XP level 3. HP: 23/23 MP: 3/3
   733 | D:1      | 733 ||| READING 3 scrolls labelled PEWIZX TUPSYGH.
   734 | D:1      | 734 ||| READING scroll labelled ZIOMNA XOSU.
   735 | D:1      | 735 ||| READING 2 scrolls labelled OQEURE UFOUNAO.
   740 | D:1      | 740 ||| DRINKING 2 murky grey potions.
  1514 | D:2      | Found a stormy altar of Qazlal.
  1779 | D:2      | 1779 ||| DROPPING orb of wrath.
  1780 | D:2      | 1780 ||| UPGRADING to +0 chain mail.
  1790 | D:2      | 1790 ||| DROPPING +0 scale mail.
  1791 | D:2      | 1791 ||| UPGRADING to ring of resist corrosion.
  1792 | D:2      | 1792 ||| DRINKING 2 emerald potions.
  1793 | D:2      | 1793 ||| DRINKING 2 black potions.
  1920 | D:3      | Reached XP level 4. HP: 28/28 MP: 4/4
  1926 | D:3      | 1926 ||| Stepping ~*~*~tactically~*~*~ (stealth).
  2063 | D:3      | 2063 ||| Stepping ~*~*~tactically~*~*~ (stealth).
  2095 | D:3      | 2095 ||| Stepping ~*~*~tactically~*~*~ (stealth).
  2099 | D:3      | 2099 ||| Stepping ~*~*~tactically~*~*~ (hiding).
  2112 | D:3      | 2112 ||| Stepping ~*~*~tactically~*~*~ (stealth).
  2115 | D:3      | HP: 7/28 [something (3)]
  2116 | D:3      | 2116 ||| DRINKING 3 potions of heal wounds.
  2133 | D:3      | HP: 6/28 [gnoll/+0 spear (3)]
  2134 | D:3      | 2134 ||| READING scroll of teleportation.
  2135 | D:3      | 2135 ||| DRINKING 2 potions of heal wounds.
  2147 | D:3      | Reached skill level 4 in Axes
  2148 | D:3      | 2148 ||| Stepping ~*~*~tactically~*~*~ (water).
  2151 | D:3      | HP: 5/28 [orc/+0 flail (4)]
  2152 | D:3      | 2152 ||| DRINKING potion of heal wounds.
  2157 | D:3      | HP: 3/28 [something/puff of flame (7)]
  2157 | D:3      | Killed from afar by an orc priest

Levels and vault maps discovered:
D:1:      wander_arrival_lonely_grave, layout_basic
D:2:      layout_basic, basic_altar, moated_statue, minivault_25
D:3:      cheibrodos_helix_gallery, layout_rooms, serial_shops, shop

Skill      XL: |  1  2  3  4 |
---------------+-------------+-----
Axes           | 2 3 4 |  4.0
Fighting       | |  3.2
Armour         | |  3.2
Shields        | |  3.2

Action                   |  1- 3 |  4- 6 || total
-------------------------+-------+-------++-------
Melee: War axe           |   110 |    43 ||   153
  Use: Potion            |     3 |     3 ||     6
       Scroll            |     3 |     1 ||     4
Armor: Scale mail        |    51 |       ||    51
       Chain mail        |     6 |    57 ||    63
Dodge: Dodged            |    47 |    18 ||    65
Block: Buckler           |    12 |     7 ||    19

Table legend:
 A = Non-vault XP
 B = Vault XP
 C = Vault XP percentage of total XP
 D = Non-vault monster count
 E = Vault monster count
 F = Vault count percentage of total count
                 A         B        C        D         E       F
            +---------+---------+-------+---------+---------+-------
      Total |      98 |       2 |   2.0 |      42 |       1 |   2.3
            +---------+---------+-------+---------+---------+-------
        D:1 |      34 |       0 |   0.0 |      20 |       0 |   0.0
        D:2 |      33 |       0 |   0.0 |      15 |       0 |   0.0
        D:3 |      31 |       2 |   6.1 |       7 |       1 |  12.5
            +---------+---------+-------+---------+---------+-------
